[Event "Chigorin Memorial 2019"]
[Site "Saint Petersburg"]
[Date "2019.10.06"]
[Round "2.3"]
[White "Salman, Pavel"]
[Black "Khalifman, Alexander"]
[Result "1/2-1/2"]
[ECO "E07"]
[WhiteElo "2282"]
[BlackElo "2614"]
[Annotator "ChessBase"]
[PlyCount "25"]
[EventDate "2019.10.05"]
[EventType "swiss"]
[EventCountry "RUS"]
[SourceTitle "playchess.com"]
[Source "ChessBase"]
[SourceQuality "1"]
[TimeControl "5400+30"]

1. d4 Nf6 2. c4 e6 3. Nf3 d5 4. g3 Bb4+ 5. Bd2 Be7 6. Bg2 O-O 7. O-O c6 8. Qb3 Nbd7 9. Bf4 Nh5 10. Bc1 Nhf6 11. Bf4 Nh5 12. Bc1 Nhf6 13. Qd1 1/2-1/2

[Event "Chigorin Memorial 2019"]
[Site "Saint Petersburg"]
[Date "2019.10.06"]
[Round "2.9"]
[White "Gareyev, Timur"]
[Black "Saidov, Bilukhadzh"]
[Result "1/2-1/2"]
[ECO "D45"]
[WhiteElo "2591"]
[BlackElo "2260"]
[Annotator "ChessBase"]
[PlyCount "72"]
[EventDate "2019.10.05"]
[EventType "swiss"]
[EventCountry "RUS"]
[SourceTitle "playchess.com"]
[Source "ChessBase"]
[SourceQuality "1"]
[TimeControl "5400+30"]

1. c4 c6 2. Nf3 d5 3. e3 Nf6 4. Nc3 e6 5. b3 Bd6 6. Bb2 O-O 7. d4 Nbd7 8. Be2 Qe7 9. O-O b6 10. Qc2 Bb7 11. e4 dxe4 12. Nxe4 Nxe4 13. Qxe4 Nf6 14. Qh4 Ba3 15. Bxa3 Qxa3 16. Rfd1 Rad8 17. Ne5 c5 18. Bf3 Bxf3 19. gxf3 cxd4 20. Rxd4 Qc5 21. Rad1 Rxd4 22. Qxd4 Qxd4 23. Rxd4 Rc8 24. Nc6 Ra8 25. Nxa7 g5 26. Nc6 Rxa2 27. h4 h6 28. hxg5 hxg5 29. b4 Nh5 30. Ne5 Nf4 31. Rd8+ Kg7 32. Rd7 Kf6 33. Ng4+ Kg6 34. Ne5+ Kf6 35. Ng4+ Kg6 36. Ne5+ Kf6 1/2-1/2